 Dungeon Crawl Stone Soup version 0.30-a0-219-gf2db51d15e (webtiles) character file.

Game seed: 14911747932879997837

589 MovingMist the Covered (level 7, 0/44 HPs)
             Began as a Gargoyle Fighter on Oct 6, 2022.
             Slain by a phantom (2 damage)
             ... on level 4 of the Dungeon.
             The game lasted 00:07:13 (3356 turns).

MovingMist the Covered (Gargoyle Fighter)           Turns: 3356, Time: 00:07:13

Health: 0/44       AC: 17    Str: 19    XL:     7   Next: 38%
Magic:  7/7        EV:  8    Int:  9    God:
Gold:   207        SH:  4    Dex: 11    Spells: 6/6 levels left

rFire   . . .      SeeInvis .    b - +3 short sword
rCold   + . .      Faith    .    c - +0 buckler
rNeg    + . .      Spirit   .    v - +0 chain mail
rPois   ∞          Reflect  .    m - +0 helmet
rElec   +          Harm     .    n - +0 cloak
rCorr   .          Rampage  .    (no gloves)
Will    .....                    (no boots)
Stlth   ..........               (no amulet)
HPRegen 0.27/turn                h - ring of protection from cold
MPRegen 0.10/turn                (no ring)

@: mighty, studying Armour
A: sickness immunity, AC +4, negative energy resistance 1, electricity
resistance, torment resistance 1, petrification resistance
a: no special abilities


You were on level 4 of the Dungeon.
You visited 1 branch of the dungeon, and saw 6 of its levels.

You collected 207 gold pieces.

Inventory:

Hand Weapons
 a - a +1 flail
 b - a +3 short sword (weapon)
Armour
 c - a +0 buckler (worn)
 m - a +0 helmet (worn)
 n - a +0 cloak (worn)
 v - a +0 chain mail (worn)
Jewellery
 h - a ring of protection from cold (left hand)
Wands
 p - a wand of light (9)
 t - a wand of charming (10)
Scrolls
 j - 2 scrolls of teleportation
 l - 3 scrolls of blinking
 q - a scroll of poison {unknown}
Potions
 d - a potion of might
 f - a potion of resistance {unknown}
 g - 2 potions of haste {unknown}
 i - 2 potions of heal wounds {unknown}
 k - a potion of flight {unknown}
 o - a potion of mutation {unknown}
 r - 2 potions of ambrosia {unknown}
 s - 2 potions of attraction {unknown}


   Skills:
 + Level 4.9 Fighting
 + Level 3.9 Maces & Flails
 + Level 5.5 Armour
 * Level 3.9 Dodging
 - Level 3.2 Shields


You had 6 spell levels left.
You didn't know any spells.
Your spell library contained the following spells:

 Spells                   Type           Power      Damage    Failure   Level
 Poisonous Vapours        Pois/Air       0%         N/A       100%        2
 Mephitic Cloud           Conj/Pois/Air  0%         N/A       100%        3
 Dispel Undead            Necr           0%         3d6       100%        4
 Death Channel            Necr           0%         N/A       100%        6
 Cigotuvi's Dreadful Rot  Necr/Pois/Air  Unusable   N/A       N/A         2

Dungeon Overview and Level Annotations

Branches:
Dungeon (6/15)
 Temple: D:4-7

Altars:
Trog

Annotations:
D:5 Pikel


Innate Abilities, Weirdness & Mutations

You are immune to sickness and miasma.
Your stone body is resilient. (AC +4)
You are immune to poison.
You resist negative energy. (rN+)
You are resistant to electric shocks. (rElec)
You are resistant to unholy torment.
You are immune to petrification.


Message History

The lemure is heavily wounded.
The lemure hits you.
* * * LOW HITPOINT WARNING * * *
The phantom barely misses you. The adder closely misses you.
You barely miss the lemure.
The lemure is heavily wounded.
The adder barely misses you. You block the lemure's attack.
The phantom barely misses you.
You puncture the lemure!
The lemure is almost dead.
The adder bites you.
* * * LOW HITPOINT WARNING * * *
The lemure closely misses you. You block the phantom's attack.
The adder bites you but does no damage.
You miss the lemure.
The lemure is almost dead.
You block the lemure's attack. The phantom barely misses you.
The adder barely misses you.
You puncture the lemure!
You kill the lemure!
That felt strangely unrewarding.
The adder barely misses you. The phantom hits you.
* * * LOW HITPOINT WARNING * * *
The phantom blinks!
You blink.
Unknown command.
The phantom hits you but does no damage.
The phantom attacks as you move away! You block the phantom's attack.
The phantom attacks as you move away! The phantom closely misses you.
The phantom attacks as you move away! The phantom misses you.
The phantom attacks as you move away! You block the phantom's attack.
There is a stone staircase leading up here.
The phantom barely misses you.
You climb upwards.
There is a stone staircase leading down here.
You closely miss the phantom. The phantom hits you.
* * * LOW HITPOINT WARNING * * *
You hit the phantom.
The phantom is lightly damaged.
The phantom hits you.
You die...

##.# #...####.# #. #
###..# #...# #.# #..# ##
#...### #...## #.#
####..###. ......# #..<#
#.. ##.........
..............# ##...
.....#... ..............
.# ##...... .....#####..
..## #....... .##...#
##...####....## #.......
####..#
#......@W......##....##.
# ...#
..#####.....#.......####
. #... #.....###....## #
##.#...#.....## # ##+###
..#.........## # ≈≈~≈≈#
..#...##..#..### ≈~≈~≈#
.....###..##.... ~≈~≈~#
# ##... # #..###...
≈~≈~≈# .## ....#
#..###..#


You could see a phantom.

Vanquished Creatures
  Sigmund (D:4)
  A wyvern (D:5)
  A lemure (D:5)
  A hound (D:4)
  Ijyb (D:3)
  Jessica (D:3)
  Natasha (D:3)
  4 gnolls
  3 adders
  2 worms (D:2)
  3 dart slugs
  5 orcs (D:3)
  5 bats
  6 endoplasms
  3 giant cockroaches (D:1)
  7 hobgoblins
  3 jackals (D:4)
  5 kobolds
  9 quokkas
  9 ball pythons
  5 frilled lizards
  9 goblins
  9 rats
94 creatures vanquished.

Vanquished Creatures (collateral kills)
  An endoplasm (D:4)
1 creature vanquished.

Grand Total: 95 creatures vanquished

Notes
Turn   | Place    | Note
-------+----------+-------------------------------------------
     0 | D:1      | MovingMist the Gargoyle Fighter began the quest for the
                  | Orb.
     0 | D:1      | Reached XP level 1. HP: 14/14 MP: 1/1
   100 | D:1      | Reached XP level 2. HP: 17/19 MP: 2/2
   287 | D:1      | Reached skill level 1 in Dodging
   381 | D:1      | Reached XP level 3. HP: 23/23 MP: 3/3
   686 | D:1      | Found a faded altar of an unknown god.
   927 | D:2      | Reached XP level 4. HP: 28/29 MP: 4/4
  1343 | D:2      | HP: 1/29 [gnoll/+0 flail (8)]
  1348 | D:2      | Reached skill level 4 in Armour
  1474 | D:2      | Reached XP level 5. HP: 33/33 MP: 5/5
  1977 | D:3      | Noticed Ijyb
  2016 | D:3      | Killed Ijyb
  2353 | D:3      | Noticed Natasha
  2358 | D:3      | Killed Natasha
  2397 | D:3      | Noticed Jessica
  2405 | D:3      | Killed Jessica
  2436 | D:3      | Reached XP level 6. HP: 32/38 MP: 6/6
  2567 | D:4      | Identified a scroll of acquirement
  2567 | D:4      | Acquired a manual of Armour
  2931 | D:4      | Noticed Sigmund
  2947 | D:4      | Killed Sigmund
  2948 | D:4      | Reached skill level 5 in Armour
  2948 | D:4      | Reached XP level 7. HP: 44/44 MP: 7/7
  3245 | D:4      | You fall into a shaft and drop 2 floors!
  3255 | D:5      | Entered Level 5 of the Dungeon
  3260 | D:5      | Found a bloodstained altar of Trog.
  3272 | D:5      | Noticed Pikel
  3304 | D:5      | Noticed a wyvern
  3337 | D:5      | Killed a wyvern
  3344 | D:5      | HP: 2/44 [phantom (4)]
  3355 | D:4      | HP: 1/44 [phantom (4)]
  3356 | D:4      | Slain by a phantom

Illustrated notes

Levels and vault maps discovered:
D:1:      grunt_arrival_crossed_arrows, layout_loops_cross,
          dreamdust_ecumenical_altar_hidden_monk_grotto, minivault_24
D:2:      layout_basic, serial_curves, eino_curves_02, eino_curves_01
D:3:      layout_basic, dreamdust_princess_bridge, minmay_crystal_room,
          uniq_ijyb, uniq_jessica, uniq_natasha
D:4:      layout_layer_cave, chequers_serial_rivers_room_b, uniq_sigmund
D:5:      layout_gridville, mainiacjoe_overflow_six_doors_small,
          amcnicky_altar_gilded, serial_shops, nicolae_stop_n_shop_1,
          uniq_pikel, uniq_duvessa
D:6:      layout_loops_ring, marbit_many_paths, temple_doors_ab, serial_shops,
          shop_statue, uniq_crazy_yiuf_cottage

Skill      XL: |  1  2  3  4  5  6 |
---------------+-------------------+-----
Dodging        | 1 2 3 |  3.9
Armour         | 4 5 |  5.5
Fighting       | 4 |  4.9
Maces & Flails | 3 |  3.9
Shields        | |  3.2

Action                   |  1- 3 |  4- 6 |  7- 9 || total
-------------------------+-------+-------+-------++-------
Melee: Flail             |   111 |   133 |       ||   244
       Short sword       |       |    55 |    34 ||    89
  Use: Scroll            |     4 |     5 |       ||     9
       Potion            |       |       |     3 ||     3
Armor: Scale mail        |    62 |    63 |       ||   125
       Chain mail        |       |    34 |    52 ||    86
Dodge: Dodged            |    49 |    95 |    55 ||   199
Block: Buckler           |    27 |    40 |    19 ||    86

Table legend: (Time is in decaauts)
 A = Elapsed time spent in this place.
 B = Non-inter-level travel time spent in this place.
 C = Inter-level travel time spent in this place.
 D = Time resting spent in this place.
 E = Time spent auto-exploring this place.
 F = Levels seen in this place.
 G = Mean time per level.
                   A        B        C        D        E       F      G
               +--------+--------+--------+--------+--------+-----+--------+
         Total |   3435 |   3349 |     86 |    201 |   2184 |   6 |  572.5 |
       Dungeon |   3435 |   3349 |     86 |    201 |   2184 |   6 |  572.5 |
               +--------+--------+--------+--------+--------+-----+--------+

Top non-repeatable levels by time:
     D:2: 1029 daAuts
     D:1: 862 daAuts
     D:3: 750 daAuts
     D:4: 683 daAuts
     D:5: 99 daAuts
     D:6: 9 daAuts
